 Dungeon Crawl Stone Soup version 0.31-a0-1620-gcbf77bbcfc (webtiles) character file.

Game seed: 2133386620531244888

315 EiAlmux the Conjurer (level 6, -3/35 HPs)
             Began as a Deep Elf Conjurer on Jan 11, 2024.
             Was an Initiate of Vehumet.
             Killed from afar by a steam dragon (14 damage)
             ... with a ball of steam
             ... on level 3 of the Dungeon.
             The game lasted 00:07:47 (3000 turns).

EiAlmux the Conjurer (Deep Elf Conjurer)            Turns: 3000, Time: 00:07:47

Health: -3/35      AC:  4    Str:  4    XL:     6   Next: 20%
Magic:  6/15       EV: 18    Int: 25    God:    Vehumet [......]
Gold:   101        SH:  0    Dex: 13    Spells: 11/14 levels left

rFire   . . .        n - +0 dagger (vamp)
rCold   . . .        (no shield)
rNeg    . . .        a - +0 robe
rPois   .            l - +0 helmet
rElec   .            (no cloak)
rCorr   .            q - +0 pair of gloves
SInv    .            (no boots)
Will    .....        (no amulet)
Stlth   +++          e - +5 ring of evasion
HPRegen 0.25/turn    (no ring)
MPRegen 0.14/turn

%: no passive effects
@: no status effects
A: no striking features
a: Renounce Religion


You were on level 3 of the Dungeon.
You worshipped Vehumet.
Vehumet was noncommittal.
You visited 1 branch of the dungeon, and saw 4 of its levels.

You collected 101 gold pieces.

Inventory:

Hand Weapons
 n - a +0 vampiric dagger (weapon)
Armour
 a - a +0 robe (worn)
 l - a +0 helmet (worn)
 q - a +0 pair of gloves (worn)
Magical Staves
 i - a staff of fire
Jewellery
 e - a +5 ring of evasion (left hand)
Talismans
 g - a beast talisman
Wands
 m - a wand of flame (19)
 p - a wand of mindburst (22)
Scrolls
 c - 3 scrolls of teleportation
 d - 3 scrolls of blinking
 f - a scroll of immolation
 r - a scroll of poison
 t - a scroll of identify
Potions
 b - a potion of magic
 h - a potion of curing
 j - a potion of enlightenment {unknown}
 k - a potion of cancellation {unknown}
 o - a potion of attraction {unknown}
 s - a potion of berserk rage {unknown}


   Skills:
 - Level 2.0 Fighting
 + Level 4.1 Dodging
 + Level 4.4 Stealth
 + Level 4.7 Spellcasting
 + Level 5.3 Conjurations


You had 11 spell levels left.
You knew the following spells:

 Your Spells              Type           Power      Damage    Failure   Level
a - Magic Dart            Conj           100%       1d8       1%          1
b - Searing Ray           Conj           64%        2d6       1%          2

Your spell library contained the following spells:

 Spells                   Type           Power      Damage    Failure   Level
 Fulminant Prism          Conj/Alch      9%         3d7       28%         4
 Iskenderun's Mystic Bla  Conj/Tloc      19%        2d6       28%         4
 Chain Lightning          Conj/Air       9%         3d12      100%        9
 Fire Storm               Conj/Fire      9%         8d3       100%        9
 Shatter                  Erth           2%         3d6*      100%        9


Dungeon Overview and Level Annotations

Branches:
Dungeon (4/15)
 Temple: D:4-7

Altars:
Cheibriados
Hepliaklqana
Vehumet

Annotations:
D:2 Sigmund


Message History

The steam dragon is heavily wounded.
You finish channelling your searing ray.
The steam dragon completely misses you. x2
Casting: Searing Ray (safe; 1% risk of failure)
Confirm with . or Enter, or press ? or * to list all spells.
Aiming: Searing Ray (safe; 1% risk of failure)
Press: ? - help, Shift-Dir - straight line, f/p - steam dragon
Aim: a steam dragon (heavily wounded, 81% to hit)
The searing ray hits the steam dragon.
The steam dragon is severely wounded. (Press . to maintain the ray.)
The steam dragon breathes steam at you. The ball of steam hits you!
The searing ray hits the steam dragon.
The steam dragon is almost dead.
You are engulfed in a cloud of scalding steam.
The steam dragon bites you but does no damage.
The steam dragon closely misses you. The steam dragon breathes steam at you.
The ball of steam misses you.
Casting: Searing Ray (safe; 1% risk of failure)
Confirm with . or Enter, or press ? or * to list all spells.
Aiming: Searing Ray (safe; 1% risk of failure)
Press: ? - help, Shift-Dir - straight line, f/p - steam dragon
Aim: a steam dragon (almost dead, catching its breath, 81% to hit)
Okay, then.
Casting: Searing Ray (safe; 1% risk of failure)
Confirm with . or Enter, or press ? or * to list all spells.
Aiming: Searing Ray (safe; 1% risk of failure)
Press: ? - help, Shift-Dir - straight line, f/p - steam dragon
Aim: a steam dragon (almost dead, catching its breath, 81% to hit)
The searing ray misses the steam dragon. (Press . to maintain the ray.)
You are engulfed in a cloud of scalding steam.
* * * LOW HITPOINT WARNING * * *
The steam dragon barely misses you.
The steam dragon claws you but does no damage.
The steam dragon breathes steam at you. The ball of steam hits you!
You die...

##.#.##.#.# #.####.#
#..#..)...# #####.####.#
#.#####.######........#.#
#.# #........###.##.#.#
#.# ############.##.#.#
#.# #.......##.......# #.#
#.......##.##.#.## #.#
#§§.....##.##.#.# ###.####
#@§§§...##.#..#.# #......#
#.D.§......#.##.#
#.#.##.###§§§....##......#
#.#.##.#.........##.#.####
#.#..#.#.####.....#.#.#
#.##.#.#.####.#.#.#.#.#
#.##.#.#.#⌠⌠#.#.#.#.#.#
#......###__##........#
####....#8..8####)#####


You could see a steam dragon (catching breath).

Vanquished Creatures
  A scorpion (D:4)
  A bombardier beetle (D:2)
  Jessica (D:3)
  2 iguanas (D:4)
  Ijyb (D:3)
  Robin (D:3)
  5 adders
  2 ufetubi (D:4)
  2 ribbon worms (D:3)
  An endoplasm (D:2)
  A giant cockroach (D:1)
  12 goblins
  13 hobgoblins
  6 jackals (D:1)
  4 quokkas
  3 ball pythons (D:1)
  6 bats
  A frilled lizard (D:1)
  A kobold (D:1)
  5 rats (D:1)
69 creatures vanquished.

Vanquished Creatures (others)
  An endoplasm (D:4)
1 creature vanquished.

Grand Total: 70 creatures vanquished

Notes
Turn   | Place    | Note
-------+----------+-------------------------------------------
     0 | D:1      | EiAlmux the Deep Elf Conjurer began the quest for the Orb.
     0 | D:1      | Reached XP level 1. HP: 10/10 MP: 6/6
    90 | D:1      | You fall into a shaft and drop 1 floor!
   118 | D:2      | Noticed Sigmund
   246 | D:1      | Reached XP level 2. HP: 12/16 MP: 0/8
   322 | D:1      | Learned a level 2 spell: Searing Ray
   465 | D:1      | Reached skill level 1 in Fighting
   709 | D:1      | Reached XP level 3. HP: 20/20 MP: 6/9
  1260 | D:2      | Reached XP level 4. HP: 18/25 MP: 1/11
  1339 | D:3      | Noticed Jessica
  1346 | D:3      | Killed Jessica
  1529 | D:3      | Noticed Robin
  1536 | D:3      | Killed Robin
  1714 | D:3      | Noticed Ijyb
  1729 | D:3      | Found a hazy altar of Hepliaklqana.
  1729 | D:3      | Found a radiant altar of Vehumet.
  1734 | D:3      | Became a worshipper of Vehumet
  1988 | D:3      | Reached XP level 5. HP: 30/30 MP: 9/13
  1999 | D:3      | Killed Ijyb
  2000 | D:3      | Reached skill level 5 in Conjurations
  2101 | D:3      | Found a snail-covered altar of Cheibriados.
  2448 | D:3      | Found a faded altar of an unknown god.
  2735 | D:4      | Reached XP level 6. HP: 17/35 MP: 1/14
  2838 | D:4      | Noticed a steam dragon
  3000 | D:3      | Killed from afar by a steam dragon

Illustrated notes

Levels and vault maps discovered:
D:1:      lightli_arrival_isolated_outpost, layout_basic
D:2:      layout_rooms, uniq_sigmund
D:3:      layout_loops_cross, chei_slow_surprise,
          gammafunk_temple_overflow_wave,
          hellmonk_ecumenical_altar_inner_sanctum, uniq_jessica, uniq_ijyb,
          uniq_robin
D:4:      layout_rooms, serial_demonic, serial_demonic_c, serial_demonic_c,
          serial_demonic_e, serial_demonic_f, portal_sewer_entry_e

Skill      XL: |  1  2  3  4  5 |
---------------+----------------+-----
Fighting       | 1 2 |  2.0
Dodging        | 3 4 |  4.1
Stealth        | 3 4 |  4.4
Spellcasting   | 4 |  4.7
Conjurations   | 5 |  5.3

Action                     |  1- 3 |  4- 6 || total
---------------------------+-------+-------++-------
  Melee: Dagger            |     3 |    19 ||    22
   Cast: Magic Dart        |    71 |    74 ||   145
         Searing Ray       |       |    10 ||    10
    Use: Scroll            |       |     5 ||     5
 Armour: Robe              |    12 |    22 ||    34
  Dodge: Dodged            |    16 |    44 ||    60

Table legend: (Time is in decaauts)
 A = Elapsed time spent in this place.
 B = Non-inter-level travel time spent in this place.
 C = Inter-level travel time spent in this place.
 D = Time resting spent in this place.
 E = Time spent auto-exploring this place.
 F = Levels seen in this place.
 G = Mean time per level.
                   A        B        C        D        E       F      G
               +--------+--------+--------+--------+--------+-----+--------+
         Total |   3000 |   2799 |    201 |    355 |   1896 |   4 |  750.0 |
       Dungeon |   3000 |   2799 |    201 |    355 |   1896 |   4 |  750.0 |
               +--------+--------+--------+--------+--------+-----+--------+

Top non-repeatable levels by time:
     D:3: 1359 daAuts
     D:1: 1113 daAuts
     D:2: 306 daAuts
     D:4: 222 daAuts
